 Dungeon Crawl Stone Soup version 0.31-a0-1164-geb876a39b7 (webtiles) character file.

Game seed: 7425623118907195973

309 senseless the Ruffian (level 6, 0/47 HPs)
             Began as a Demonspawn Shapeshifter on Dec 9, 2023.
             Was a Follower of Yredelemnul.
             Slain by an orc wizard
             ... wielding a +0 dagger
              (3 damage)
             ... on level 4 of the Dungeon.
             The game lasted 00:08:24 (3147 turns).

senseless the Ruffian (Demonspawn Shapeshifter)     Turns: 3147, Time: 00:08:25

Health: 0/47       AC:  5    Str: 17    XL:     6   Next: 17%
Magic:  6/6        EV: 11    Int: 10    God:    Yredelemnul [*.....]
Gold:   173        SH:  0    Dex: 12    Spells: 5/5 levels left

rFire   . .          .
                       - Unarmed
rCold   . . .        (no shield)
rNeg    . . .        n - +0 ring mail
rPois   .            (helmet currently unavailable)
rElec   .            (cloak currently unavailable)
rCorr   .            (gloves currently unavailable)
SInv    .            (boots currently unavailable)
Will    .....        (no amulet)
Stlth   +            p - ring of wizardry
HPRegen 0.27/turn    (no ring)
MPRegen 0.10/turn

%: wizardry (x1)
@: beast-form
A: beast (slay +2), antennae 1, condensation shield, demonic magic 1
a: Begin Untransformation, Renounce Religion, Recall Undead Harvest


You were on level 4 of the Dungeon.
You worshipped Yredelemnul.
Yredelemnul was noncommittal.
You were a hulking beast.
You visited 1 branch of the dungeon, and saw 4 of its levels.

You collected 173 gold pieces.

Inventory:

Armour
 a - a +0 animal skin
 n - a +0 ring mail (worn)
 o - a +2 helmet
Magical Staves
 j - a staff of cold
Jewellery
 p - a ring of wizardry (left hand)
Talismans
 c - a beast talisman
 d - a flux talisman
Wands
 k - a wand of paralysis (9) (quivered)
Scrolls
 e - a scroll of enchant weapon {unknown}
 f - 3 scrolls of identify {unknown}
 h - a scroll of revelation {unknown}
 i - a scroll of poison {unknown}
 m - 2 scrolls of noise {unknown}
Potions
 b - 2 potions of lignification
 g - 2 potions of curing
 l - 2 potions of mutation {unknown}
 q - 2 potions of heal wounds {unknown}


   Skills:
 * Level 3.3 Fighting
 + Level 1.4 Armour
 + Level 3.0 Dodging
 + Level 3.6 Unarmed Combat
 + Level 1.0 Invocations
 + Level 3.5 Shapeshifting


You had 5 spell levels left.
You didn't know any spells.
Your spell library contained the following spells:

 Spells                   Type           Power      Damage    Failure   Level
 Shock                    Conj/Air       0%         1d3       26%         1
 Ensorcelled Hibernation  Hex/Ice        0%         N/A       38%         2
 Jinxbite                 Hex            0%         N/A       38%         2
 Summon Guardian Golem    Hex/Summ       0%         N/A       58%         3
 Swiftness                Air            0%         N/A       58%         3
 Airstrike                Air            0%         2d(0-16)  92%         4
 Anguish                  Hex/Necr       0%         N/A       92%         4
 Orb of Destruction       Conj           0%         9d5       100%        7
 Spellforged Servitor     Conj/Summ      0%         N/A       100%        7


Dungeon Overview and Level Annotations

Branches:
Dungeon (4/15)
 Temple: D:4-7

Altars:
Vehumet
Yredelemnul


Innate Abilities, Weirdness & Mutations

You are a hulking beast.
Your limbs bulge with bestial killing power. (Slay +2)
You have a pair of small antennae on your head.
A meltable shield of frost defends you. (SH +0)
Spells you cast may paralyse adjacent enemies.


Message History

The orc priest is severely wounded.
Something hits you. You block the orc priest's attack.
The orc priest hits your orc wizard zombie with a +0 hand axe.
The orc priest hits your orc zombie with a +0 hand axe.
Your orc zombie is destroyed!
Your orc wizard zombie hits the orc priest.
You completely miss the orc priest.
The orc priest is severely wounded.
Something hits you. You block the orc priest's attack.
The orc priest closely misses your kobold zombie.
The orc priest hits your orc wizard zombie with a +0 hand axe.
You hit the orc priest.
The orc priest is almost dead.
Your orc wizard zombie hits the orc priest.
You hear some strange, mumbled words.
A puff of flame appears from out of thin air!
The puff of flame hits you!
Your condensation shield dissipates!
The orc priest invokes the aid of Beogh against you.
Pain shoots through your body!
* * * LOW HITPOINT WARNING * * *
Your kobold zombie barely misses the orc priest.
You hit the orc priest.
You kill the orc priest!
The dead are walking!
Something hits you.
* * * LOW HITPOINT WARNING * * *
Your Invocations skill increases to level 1!
You hit something. Something hits you but does no damage.
You hit something.
You hear some strange, mumbled words.
A puff of flame appears from out of thin air!
The puff of flame misses you.
The puff of flame hits your orc priest zombie!
You hit something. Something hits you.
* * * LOW HITPOINT WARNING * * *
You miss something. Something barely misses you.
You hit something. Something hits you but does no damage.
You hit something. Something hits you.
You die...
Your body rises from the dead as a mindless zombie.

.......# .......
#.....# ##.....##
##.......#
####........#
#...#.{))...#
###...#.ZhZ...#
....####ZZ.###
######...#.......#
#...##...#...#...#
#.#>Z.Z..###'#+###
#.###.{#.Z...#
#.###Z##.....#
#####Z#.Z.##...###
...##.#Z#Z.#.....


You could see a friendly kobold zombie, a friendly orc zombie, a friendly orc
priest zombie and a friendly orc wizard zombie.

Vanquished Creatures
  Pargi (D:3)
  A hound (D:4)
  An orc priest (D:4)
  An orc wizard (D:4)
  4 gnolls
  3 adders
  A worm (D:2)
  3 dart slugs
  6 orcs (D:4)
  4 ball pythons
  6 endoplasms
  4 giant cockroaches
  3 goblins
  5 hobgoblins
  3 quokkas
  6 bats
  A frilled lizard (D:1)
  5 kobolds
  2 rats (D:2)
  A spectral kobold (D:3)
61 creatures vanquished.

Vanquished Creatures (collateral kills)
  A quokka (D:3)
  A frilled lizard (D:3)
  A rat (D:3)
3 creatures vanquished.

Vanquished Creatures (others)
  A bat zombie (D:3)
  An endoplasm zombie (D:4)
  3 orc zombies (D:4)
  A quokka zombie (D:4)
6 creatures vanquished.

Grand Total: 70 creatures vanquished

Notes
Turn   | Place    | Note
-------+----------+-------------------------------------------
     0 | D:1      | senseless the Demonspawn Shapeshifter began the quest for
                  | the Orb.
     0 | D:1      | Reached XP level 1. HP: 15/15 MP: 1/1
   109 | D:1      | Gained mutation: Spells you cast may paralyse adjacent
                  | enemies. [demonic ancestry]
   109 | D:1      | Reached XP level 2. HP: 21/21 MP: 2/2
   776 | D:2      | Found a basalt altar of Yredelemnul.
   783 | D:2      | Gained mutation: A meltable shield of frost defends you.
                  | (SH +0) [demonic ancestry]
   783 | D:2      | Reached XP level 3. HP: 17/27 MP: 3/3
   953 | D:2      | Reached XP level 4. HP: 31/33 MP: 4/4
   956 | D:2      | Became a worshipper of Yredelemnul the Dark
  1391 | D:2      | Reached * piety under Yredelemnul
  1728 | D:3      | Noticed Pargi
  1744 | D:3      | HP: 1/33 [Pargi (1)]
  1745 | D:3      | Killed Pargi
  1746 | D:3      | Discovered your monstrous ancestry.
  1746 | D:3      | Gained mutation: You have a pair of small antennae on your
                  | head. [demonic ancestry]
  1746 | D:3      | Reached XP level 5. HP: 1/40 MP: 5/5
  1750 | D:3      | Reached skill level 1 in Armour
  2211 | D:3      | Found a faded altar of an unknown god.
  2327 | D:3      | Found a radiant altar of Vehumet.
  2392 | D:3      | Reached ** piety under Yredelemnul
  2862 | D:4      | Reached XP level 6. HP: 5/47 MP: 6/6
  3142 | D:4      | Reached skill level 1 in Invocations
  3147 | D:4      | Slain by an orc wizard

Illustrated notes

Levels and vault maps discovered:
D:1:      dpeg_arrival_renting, layout_loops_ring, minmay_misc_feat_encased,
          chequers_mini_garden
D:2:      layout_basic, basic_altar
D:3:      layout_rooms, tso_metal_star, nicolae_vehumet_altar_sigil,
          dreamdust_ecumenical_altar_drowned_temple, uniq_pargi
D:4:      layout_rooms, hangedman_ru_absence, serial_shops,
          nicolae_shop_rolled_up, uniq_eustachio

Skill      XL: |  1  2  3  4  5  6 |
---------------+-------------------+-----
Dodging        | 2 3 |  3.0
Unarmed Combat | 3 |  3.6
Shapeshifting  | 3 |  3.5
Fighting       | 2 3 |  3.3
Armour         | 1 |  1.4
Invocations    | 1 |  1.0

Action                     |  1- 3 |  4- 6 || total
---------------------------+-------+-------++-------
  Melee: Unarmed           |    65 |   171 ||   236
         Punch             |     2 |     5 ||     7
  Throw: Throwing net      |       |     1 ||     1
    Use: Potion            |       |     2 ||     2
   Stab: Sleeping          |     1 |       ||     1
 Armour: Animal skin       |    22 |     7 ||    29
         Ring mail         |       |   139 ||   139
  Dodge: Dodged            |    32 |    98 ||   130
  Block: Other             |     2 |    30 ||    32

Table legend: (Time is in decaauts)
 A = Elapsed time spent in this place.
 B = Non-inter-level travel time spent in this place.
 C = Inter-level travel time spent in this place.
 D = Time resting spent in this place.
 E = Time spent auto-exploring this place.
 F = Levels seen in this place.
 G = Mean time per level.
                   A        B        C        D        E       F      G
               +--------+--------+--------+--------+--------+-----+--------+
         Total |   3138 |   2985 |    153 |    688 |   1834 |   4 |  784.5 |
       Dungeon |   3138 |   2985 |    153 |    688 |   1834 |   4 |  784.5 |
               +--------+--------+--------+--------+--------+-----+--------+

Top non-repeatable levels by time:
     D:3: 997 daAuts
     D:1: 925 daAuts
     D:2: 786 daAuts
     D:4: 427 daAuts
